 Dungeon Crawl Stone Soup version 0.17.2-1-ge4368a0 (webtiles) character file.

613 Goblin1989 the Cutter (level 7, -2/35 HPs)
             Began as a Vine Stalker Fighter on Dec 17, 2016.
             Slain by dscm's ghost (8 damage)
             ... on level 5 of the Dungeon.
             The game lasted 00:15:27 (4406 turns).

Goblin1989 the Cutter (Vine Stalker Fighter)        Turns: 4406, Time: 00:15:28

Health: -2/35      AC:  7    Str: 19    XL:     7   Next: 44%
Magic:  0/8        EV:  7    Int:  8    God:
Gold:   376        SH:  9    Dex: 15    Spells: 0 memorised, 6 levels left

rFire  . . .     SeeInvis .     b - +1 short sword (speed)
rCold  . . .     Clarity  .     j - +0 scale mail
rNeg   . . .     SustAt   .     c - +0 shield
rPois  .         Gourm    +     B - +0 helmet
rElec  .         Spirit   +     (no cloak)
rCorr  .         Warding  .     (no gloves)
rMut   .         Stasis   .     (no boots)
MR     .....                    o - amulet of the gourmand
Stlth  ..........               (no ring)
                                (no ring)

@: not resistant to hostile enchantments, extremely unstealthy
A: fangs 2, regeneration 2, magic shield, antimagic bite, no device heal 3, rot
immunity
a: no special abilities


You were on level 5 of the Dungeon.
You were very full.

You visited 1 branch of the dungeon, and saw 5 of its levels.

You collected 404 gold pieces.
You spent 28 gold pieces at shops.

Inventory:

Hand Weapons
 a - a +0 rapier
 b - a +1 short sword of speed (weapon)
Armour
 c - a +0 shield (worn)
 j - a +0 scale mail (worn)
 B - a +0 helmet (worn)
Jewellery
 o - an amulet of the gourmand (around neck)
Wands
 D - a wand of cold (7)
Scrolls
 f - a scroll of amnesia {unknown}
 g - a scroll of recharging
 h - a scroll of fear {unknown}
 n - 3 scrolls of teleportation {unknown}
 v - a scroll of random uselessness {unknown}
 w - 4 scrolls of identify {@r1}
 y - a scroll of magic mapping {unknown}
 z - 2 scrolls of remove curse {@r2}
 A - a scroll of immolation {unknown}
Potions
 d - 2 potions of might
 i - a potion of heal wounds {unknown}
 l - 4 potions of haste {unknown}
 m - 2 potions of poison {unknown}
 p - a potion of lignification {unknown}
 q - a potion of cancellation {unknown}
 s - 2 potions of agility {unknown}
 t - 4 potions of curing {unknown}
 x - a potion of degeneration {unknown}
 E - a potion of berserk rage {unknown}
Comestibles
 e - 2 bread rations {@e1}
 k - 5 beef jerkies
 r - a royal jelly
 u - 3 fruits


   Skills:
 - Level 2.6 Fighting
 + Level 7.3 Short Blades
 - Level 2.4 Armour
 - Level 2.6 Shields


You had 6 spell levels left.
You didn't know any spells.

Dungeon Overview and Level Annotations

Branches:
Dungeon (5/15)
 Temple: D:4-7

Altars:
Kikubaaqudgha

Shops:
D:5 *

Annotations:
D:5 dscm's ghost, amateur FeTm


Innate Abilities, Weirdness & Mutations

You have extremely sharp teeth.
You heal very quickly.
When hurt, damage is shared between your health and your magic reserves.
Your bite disrupts and absorbs the magic of your enemies.
Potions and wands cannot restore your health.
You are immune to rotting.


Message History

Dscm's ghost hits you but does no damage.
You closely miss dscm's ghost. Your bite misses dscm's ghost.
Dscm's ghost is almost destroyed.
You miss dscm's ghost.
Dscm's ghost is almost destroyed.
Dscm's ghost hits you!
* * * LOW HITPOINT WARNING * * *
You take 4 damage, and have 5/35 hp.
You now have 3/8 mp.
You closely miss dscm's ghost. Your bite misses dscm's ghost.
Dscm's ghost is almost destroyed.
You miss dscm's ghost. Your bite misses dscm's ghost.
Dscm's ghost is almost destroyed.
You block dscm's ghost's attack.
Your shield and scale mail prevent you from hitting dscm's ghost.
Your bite misses dscm's ghost.
Dscm's ghost is almost destroyed.
You closely miss dscm's ghost.
Dscm's ghost is almost destroyed.
Dscm's ghost hits you!
You die...

█.█ .. █.█
██∆█████████████∆█████
█...█.......██.......█
█...........██.......█
█....................█
█....................█
.........................█
...........@.............███
........█.W................█
...........................█
...........████...██.......█
...........█████∆█.........█
...........∆............>..█
...........█.██.......██▲███
..............∆.......██.█
...........█.██..........█


You could see dscm's ghost.

Vanquished Creatures
  Blork the orc (D:4)
  A scorpion (D:5)
  2 jellies (D:5)
  An orc wizard (D:4)
  A hound (D:3)
  An iguana (D:5)
  Natasha (twice) (D:4)
  A worker ant (D:4)
  11 gnolls
  Robin (D:4)
  7 adders
  3 oozes
  An adder skeleton (D:4)
  A worm (D:3)
  6 giant geckos
  4 orcs (D:4)
  A ball python (D:5)
  7 bats
  5 giant cockroaches
  12 goblins
  11 hobgoblins
  6 kobolds
  3 quokkas
  2 giant newts
  6 jackals
  8 rats
105 creatures vanquished.

Notes
Turn   | Place    | Note
--------------------------------------------------------------
     0 | D:1      | Goblin1989 the Vine Stalker Fighter began the quest for the Orb.
     0 | D:1      | Reached XP level 1. HP: 11/11 MP: 2/2
    24 | D:2      | Reached XP level 2. HP: 16/16 MP: 1/3
    62 | D:2      | Reached skill level 3 in Short Blades
    92 | D:2      | Reached XP level 3. HP: 19/19 MP: 4/4
   176 | D:3      | Reached XP level 4. HP: 10/23 MP: 2/5
   195 | D:3      | Reached skill level 4 in Short Blades
   219 | D:3      | Found an ancient bone altar of Kikubaaqudgha.
  1572 | D:2      | Reached XP level 5. HP: 25/27 MP: 6/6
  1858 | D:2      | Reached skill level 5 in Short Blades
  2596 | D:3      | Gained mutation: You heal very quickly. [Vine Stalker growth]
  2596 | D:3      | Reached XP level 6. HP: 24/32 MP: 5/7
  2940 | D:4      | Noticed Robin
  2982 | D:4      | Killed Robin
  3055 | D:4      | Reached skill level 6 in Short Blades
  3158 | D:4      | Noticed Natasha
  3164 | D:4      | Killed Natasha
  3294 | D:4      | Noticed Blork the orc
  3317 | D:4      | Killed Blork the orc
  3317 | D:4      | Reached XP level 7. HP: 27/35 MP: 8/8
  3791 | D:4      | Noticed Natasha
  3798 | D:4      | Killed Natasha
  3989 | D:5      | Entered Level 5 of the Dungeon
  4004 | D:5      | Found Roeheoko's General Store.
  4024 | D:5      | Bought a scroll of identify for 28 gold pieces
  4130 | D:5      | Reached skill level 7 in Short Blades
  4374 | D:5      | Noticed dscm's ghost (amateur FeTm)
  4406 | D:5      | Slain by dscm's ghost

Action                   |  1- 3 |  4- 6 |  7- 9 || total
-------------------------+-------+-------+-------++-------
Melee: Rapier            |    51 |    45 |       ||    96
       Short sword       |       |   290 |   111 ||   401
  Use: Scroll            |       |     2 |       ||     2
  Eat: Chunk             |       |    18 |     2 ||    20

Vault maps used:
D:1:      saegor_arrival_simple_a
D:3:      kiku_gazebo_pond_becter, first_bread
D:4:      uniq_blork_the_orc, uniq_natasha, uniq_robin
D:5:      serial_shops, shop_coins, hangedman_decor_points,
          okawaru_metal_pillars_1_2
